 Dungeon Crawl Stone Soup version 0.30-a0-629-gd54f4be4f7 (webtiles) character file.

Game seed: 10113539019864402615

39 Mitcholas the Shooter (level 3, -2/21 HPs)
             Began as a Deep Elf Hunter on Jan 12, 2023.
             Slain by Terence
             ... wielding a +0 flail
              (6 damage)
             ... on level 2 of the Dungeon.
             The game lasted 00:02:17 (1064 turns).

Mitcholas the Shooter (Deep Elf Hunter)             Turns: 1064, Time: 00:02:18

Health: -2/21      AC:  4    Str:  8    XL:     3   Next: 28%
Magic:  5/5        EV: 12    Int: 13    God:
Gold:   42         SH:  0    Dex: 20    Spells: 2/2 levels left

rFire   . . .      SeeInvis .    a - +0 shortbow
rCold   . . .      Faith    .    (shield currently unavailable)
rNeg    . . .      Spirit   .    c - +0 leather armour
rPois   .          Reflect  .    (no helmet)
rElec   .          Harm     .    (no cloak)
rCorr   .          Rampage  .    (no gloves)
Will    .....                    e - +0 pair of boots
Stlth   ++                       (no amulet)
HPRegen 0.23/turn                (no ring)
MPRegen 0.09/turn                (no ring)

@: no status effects
A: no striking features
a: no special abilities


You were on level 2 of the Dungeon.
You visited 1 branch of the dungeon, and saw 2 of its levels.

You collected 42 gold pieces.

Inventory:

Hand Weapons
 a - a +0 shortbow (weapon)
Missiles
 o - 6 datura-tipped darts
Armour
 c - a +0 leather armour (worn)
 e - a +0 pair of boots (worn)
Jewellery
 k - an amulet of reflection
Scrolls
 b - a scroll of immolation
 d - 2 scrolls of identify {unknown}
 h - a scroll of poison {unknown}
 i - a scroll of teleportation {unknown}
 l - a scroll of blinking {unknown}
 m - a scroll of fog {unknown}
 r - a scroll of torment {unknown}
Potions
 f - 2 potions of heal wounds {unknown}
 g - a potion of degeneration {unknown}
 j - a potion of lignification {unknown}
 n - a potion of haste {unknown}
 p - a potion of attraction {unknown}
 q - a potion of brilliance {unknown}


   Skills:
 + Level 1.9 Fighting
 * Level 5.8 Ranged Weapons
 + Level 0.7 Armour
 + Level 2.9 Dodging
 + Level 2.1 Stealth


You had 2 spell levels left.
You didn't know any spells.
Your spell library was empty.

Dungeon Overview and Level Annotations

Branches:
Dungeon (2/15)

Altars:

Shops:
D:1 *

Annotations:
D:2 Terence


Message History

You shoot an arrow.
The arrow hits Terence but does no damage.
Terence is lightly wounded.
Terence hits you with a +0 flail.
You shoot an arrow. The arrow hits Terence!
Terence is heavily wounded.
Terence hits you with a +0 flail.
You shoot an arrow.
The arrow hits Terence but does no damage.
Terence is heavily wounded.
Terence hits you with a +0 flail!
* * * LOW HITPOINT WARNING * * *
You are too injured to fight recklessly!
You are too injured to fight recklessly!
You are too injured to fight recklessly!
You are too injured to fight recklessly!
You are too injured to fight recklessly!
You are too injured to fight recklessly!
You are too injured to fight recklessly!
You are too injured to fight recklessly!
You are too injured to fight recklessly!
You are too injured to fight recklessly!
You are too injured to fight recklessly!
You are too injured to fight recklessly!
You are too injured to fight recklessly!
You are too injured to fight recklessly!
You are too injured to fight recklessly!
You are too injured to fight recklessly!
You are too injured to fight recklessly!
You are too injured to fight recklessly!
You are too injured to fight recklessly!
You are too injured to fight recklessly!
Fire: a) +0 shortbow
Press: ? - help, Q - select action, (/) - cycle Shift-Dir - straight line, f/p - Terence
Aim: Terence, wielding a +0 flail and wearing a +0 scale mail (heavily wounded, 68% to hit)
You shoot an arrow.
The arrow hits Terence but does no damage.
Terence is heavily wounded.
Terence barely misses you. Terence hits you with a +0 flail.
You die...

.# ####.#..####..#
.# #.............#
## ####.....####.#
#....<..##.#
########.#.....##.#
.......†.[.......##
########.#..##.#.#
# #.#..####.# #
#.##.# #@# # #.# .#
#@# # ### .# #.# #
#.# # #.# # #.# #.#
..#


You could see Terence.

Vanquished Creatures
  A dart slug (D:2)
  4 bats (D:1)
  5 endoplasms (D:2)
  A giant cockroach (D:1)
  2 goblins
  2 hobgoblins (D:1)
  3 jackals (D:2)
  5 ball pythons
  3 frilled lizards
  7 kobolds
  2 rats (D:1)
35 creatures vanquished.

Notes
Turn   | Place    | Note
-------+----------+-------------------------------------------
     0 | D:1      | Mitcholas the Deep Elf Hunter began the quest for the Orb.
     0 | D:1      | Reached XP level 1. HP: 12/12 MP: 3/3
   161 | D:1      | Reached XP level 2. HP: 17/17 MP: 4/4
   444 | D:1      | Found Givuw's Assorted Antiques.
   853 | D:2      | Reached XP level 3. HP: 21/21 MP: 5/5
  1056 | D:2      | Noticed Terence
  1064 | D:2      | Slain by Terence

Illustrated notes

Levels and vault maps discovered:
D:1:      lemuel_arrival_behind_the_door_large, layout_loops_ring, serial_shops,
          nicolae_shop_behind_doors
D:2:      layout_basic, minmay_tromino_v7, uniq_terence

Skill      XL: |  1  2 |
---------------+-------+-----
Stealth        | 2 |  2.1
Fighting       | |  1.9
Ranged Weapons | |  5.8
Armour         | |  0.7
Dodging        | |  2.9

Action                   || total
-------------------------++-------
 Fire: Shortbow          ||    97
Armor: Leather armour    ||    12
Dodge: Dodged            ||    26

Table legend: (Time is in decaauts)
 A = Elapsed time spent in this place.
 B = Non-inter-level travel time spent in this place.
 C = Inter-level travel time spent in this place.
 D = Time resting spent in this place.
 E = Time spent auto-exploring this place.
 F = Levels seen in this place.
 G = Mean time per level.
                   A        B        C        D        E       F      G
               +--------+--------+--------+--------+--------+-----+--------+
         Total |   1091 |   1077 |     14 |      0 |    885 |   2 |  545.5 |
       Dungeon |   1091 |   1077 |     14 |      0 |    885 |   2 |  545.5 |
               +--------+--------+--------+--------+--------+-----+--------+

Top non-repeatable levels by time:
     D:1: 612 daAuts
     D:2: 478 daAuts
